 Dungeon Crawl Stone Soup version 0.20.0-15-g7f486f2 (webtiles) character file.

95 tof the Shield-Bearer (level 4, 0/36 HPs)
             Began as a Draconian Fighter on June 24, 2017.
             Was an Initiate of Hepliaklqana.
             Killed by divine providence
             ... invoked by an orc priest
              (12 damage)
             ... on level 3 of the Dungeon.
             The game lasted 00:03:39 (2169 turns).

tof the Shield-Bearer (Draconian Fighter)           Turns: 2169, Time: 00:03:39

Health: 0/36       AC:  5    Str: 19    XL:     4   Next: 39%
Magic:  4/4        EV: 13    Int:  8    God:    Hepliaklqana [......]
Gold:   132        SH:  6    Dex: 11    Spells: 3/3 levels left

rFire    . . .     SeeInvis .   a - +0 long sword
rCold    . . .     Gourm    .   r - +2 buckler
rNeg     . . .     Faith    .   (armour unavailable)
rPois    .         Spirit   .   (helmet restricted)
rElec    .         Reflect  .   (no cloak)
rCorr    .         Harm     .   (no gloves)
MR       .....                  (no boots)
Stlth    +.........             (no amulet)
Regen    0.2/turn               (no ring)
MPRegen  0.1/turn               (no ring)

@: no status effects
A: unfitting armour, reduced essence, cold-blooded, AC +5
a: Recall Ancestor, Ancestor Identity, Renounce Religion


You were on level 3 of the Dungeon.
You worshipped Hepliaklqana.
Hepliaklqana was noncommittal.
You were not hungry.

You visited 1 branch of the dungeon, and saw 3 of its levels.

You collected 132 gold pieces.

Inventory:

Hand Weapons
 a - a +0 long sword (weapon)
Armour
 r - a +2 buckler (worn)
Scrolls
 e - a scroll of enchant armour {unknown}
 f - 3 scrolls of identify {unknown}
 g - 3 scrolls of remove curse {unknown}
 k - a scroll of immolation {unknown}
 l - a scroll of fog {unknown}
 m - a scroll of noise {unknown}
 n - a scroll of recharging {unknown}
 p - a scroll of teleportation {unknown}
Potions
 c - a potion of might
 h - 2 potions of mutation {unknown}
 i - a potion of flight {unknown}
 j - 2 potions of curing {unknown}
Comestibles
 d - 5 bread rations
 o - a royal jelly


   Skills:
 + Level 3.8 Fighting
 * Level 2.8 Long Blades
 + Level 3.2 Dodging
 * Level 3.9 Shields


You had 3 spell levels left.
You didn't know any spells.

Dungeon Overview and Level Annotations

Branches:
Dungeon (3/15)

Altars:
Hepliaklqana
Xom

Annotations:
D:3 Natasha


Innate Abilities, Weirdness & Mutations

Your plain brown scales are hard. (AC +5)
You cannot fit into any form of body armour.
You are cold-blooded and may be slowed by cold attacks.
Your life essence is reduced. (-10% HP)


Message History

All of the chunks of flesh in your inventory have rotted away.
A rat and an orc come into view.
Found a fruit and a pair of gloves.
An orc priest comes into view. It is wielding a trident.
You barely miss the rat. You tail-slap the rat.
You kill the rat!
The orc shouts!
The orc priest mumbles some strange prayers to Beogh against you.
Beogh smites you!
An adder and an orc priest come into view.
Found a stone staircase leading up.
The orc closely misses Arsinoe.
You block the orc priest's attack.
Found a club.
A giant cockroach comes into view.
Natasha, Servant of Life and Death comes into view.
The orc priest calls down the wrath of Beogh upon you.
Beogh smites you! The orc barely misses you.
The orc priest invokes the aid of Beogh against you.
Beogh smites you!
You die...

#.... ######......#
#.......#...........#
#...................#
#.....######........#
#.....######.#......#
..............#......#
............######.###
.....#%......#####.##
.......@......##....#
......oRo......<....#
.......S......##....#
.......[o.....##....#
...............####..#
.)......s...<... ....
...5...........# #.###
....h.......... ..


You could see the friendly Arsinoe the ancestor, 2 orc priests, Natasha, a
crimson imp, an adder, an orc and a giant cockroach.

Vanquished Creatures
  2 adders (D:2)
  An ooze (D:1)
  A worm (D:2)
  2 dart slugs (D:1)
  3 leopard geckos (D:1)
  A ball python (D:2)
  2 bats (D:1)
  2 giant cockroaches (D:1)
  4 goblins
  10 hobgoblins
  4 jackals (D:2)
  A quokka (D:2)
  4 frilled lizards
  5 kobolds
  8 rats
50 creatures vanquished.

Vanquished Creatures (collateral kills)
  An adder (D:3)
  A worm (D:2)
  A rat (D:2)
3 creatures vanquished.

Grand Total: 53 creatures vanquished

Notes
Turn   | Place    | Note
-------+----------+-------------------------------------------
     0 | D:1      | tof the Draconian Fighter began the quest for the Orb.
     0 | D:1      | Reached XP level 1. HP: 19/19 MP: 1/1
    86 | D:1      | Reached XP level 2. HP: 25/26 MP: 2/2
   721 | D:1      | Reached XP level 3. HP: 19/31 MP: 3/3
  1124 | D:2      | Found a hazy altar of Hepliaklqana.
  1378 | D:2      | Became a worshipper of Hepliaklqana the Forgotten
  1401 | D:2      | Found a shimmering altar of Xom.
  1760 | D:2      | Reached XP level 4. HP: 34/36 MP: 4/4
  2169 | D:3      | Noticed Natasha
  2169 | D:3      | Killed from afar by an orc priest

Skill      XL: |  1  2  3 |
---------------+----------+-----
Dodging        | 3 |  3.2
Fighting       | |  3.8
Long Blades    | |  2.8
Shields        | |  3.9

Action                   |  1- 3 |  4- 6 || total
-------------------------+-------+-------++-------
Melee: Long sword        |   120 |    33 ||   153
       Tailslap          |    17 |     8 ||    25
 Stab: Sleeping          |     2 |     2 ||     4
  Eat: Chunk             |     3 |     1 ||     4
Armor: Skin              |    31 |     3 ||    34
Dodge: Dodged            |    47 |    11 ||    58
Block: Shield            |    63 |     2 ||    65
       Buckler           |       |     8 ||     8
       Rpst.: Long sword |    16 |     2 ||    18
